Map: Simulacrum LE

Players

DDTT

  • Race: Terran Terran
  • League: Diamond
  • Spawn Location: 11:00

prospeKt - Winner!

  • Race: Zerg Zerg
  • League: Platinum
  • Spawn Location: 5:00

VOD

Have the link to the VOD?

Description

Time

  • Played on: June 9, 2020, 9:54 a.m.
  • Length: 20:36
Show
View Real Time Build Order
Export as new Build Order

DDTT Terran 

Build Orders: Liberator Opening 

Get SALT Encoding   

  12  0:01  SCV  
  13  0:13  SCV  
  14  0:21  Supply Depot  
  14  0:25  SCV  
  15  0:36  Refinery  
  15  0:44  Barracks  
  15  1:16  Command Center  
  15  1:27  SCV  
  16  1:33  Marine  
  16  1:37  Bunker  
  17  1:41  SCV  
  18  1:55  Factory  
  18  2:00  Marine  
  19  2:13  Orbital Command  
  19  2:18  Marine  
  20  2:34  Orbital Command  
  20  2:43  Factory Tech Lab  
  20  2:44  Marine  
  21  2:53  Supply Depot  
  21  2:54  SCV  
  22  3:00  Refinery  
  22  3:09  Starport  
  22  3:17  SCV  
  22  3:18  SCV  
  24  3:29  SCV  
  25  3:35  Supply Depot  
  25  3:38  SCV  
  25  3:40  Siege Tank  
  29  3:45  SCV  
  30  3:50  Liberator  
  33  4:11  Command Center  
  33  4:12  SCV  
  34  4:18  SCV, Supply Depot  
  35  4:24  SCV  
  35  4:26  Siege Tank  
  35  4:30  SCV  
  40  4:37  SCV  
  41  4:44  SCV  
  42  4:48  Refinery  
  42  4:49  SCV  
  43  4:55  Refinery  
  43  4:56  SCV  
  44  5:01  SCV  
  45  5:08  SCV  
  45  5:13  SCV  
  47  5:20  SCV  
  48  5:23  Siege Tank  
  48  5:25  SCV  
  48  5:28  Engineering Bay  
  52  5:32  SCV  
  53  5:37  SCV  
  53  5:41  Supply Depot  
  54  5:44  SCV, Supply Depot  
  54  5:49  SCV  
  56  5:56  SCV  
  57  5:59  Orbital Command  
  57  6:13  Siege Tank  
  57  6:14  SCV  
  57  6:15  SCV  
  62  6:21  Starport  
  62  6:25  Starport Tech Lab  
  62  6:26  Fusion Core  
  62  6:36  SCV x2  
  64  6:42  Missile Turret  
  64  6:46  Missile Turret, Siege Tank  
  67  6:47  SCV  
  67  6:50  SCV, Refinery  
  67  6:51  SCV  
  67  6:52  Refinery  
  70  7:01  SCV  
  71  7:03  SCV  
  72  7:08  Command Center  
  72  7:09  SCV  
  72  7:11  Missile Turret  
  72  7:13  SCV  
  74  7:16  Starport Tech Lab  
  74  7:18  Weapon Refit  
  80  7:23  Battlecruiser  
  80  7:24  SCV x2  
  80  7:26  Siege Tank  
  85  7:31  Missile Turret  
  85  7:50  Battlecruiser  
  91  7:55  Armory x2  
  91  8:00  Starport  
  91  8:05  Supply Depot  
  91  8:06  Supply Depot  
  91  8:18  Supply Depot  
  91  8:19  Neosteel Armor  
  91  8:20  Siege Tank  
  91  8:23  Planetary Fortress  
  94  8:27  SCV  
  94  8:28  SCV x2  
  94  8:30  Battlecruiser  
  103  8:37  Refinery  
  103  8:40  Starport Tech Lab  
  103  8:42  Refinery  
  103  8:45  Terran Vehicle And Ship Armor Level 1  
  103  8:47  Starport  
  103  8:49  Terran Ship Weapons Level 1  
  103  8:59  SCV x3  
  103  9:00  Sensor Tower  
  106  9:07  SCV  
  107  9:11  SCV x2  
  107  9:15  Battlecruiser  
  115  9:26  Battlecruiser  
  121  9:32  SCV  
  121  9:33  SCV x2  
  124  9:38  Command Center  
  124  9:40  SCV, Command Center  
  124  9:44  SCV  
  124  9:45  SCV x2  
  128  9:48  Siege Tank  
  128  9:49  Sensor Tower  
  131  9:57  SCV  
  132  10:01  Supply Depot  
  132  10:03  Supply Depot  
  132  10:04  Supply Depot  
  132  10:06  Supply Depot  
  132  10:23  SCV, Battlecruiser  
  132  10:26  Barracks Tech Lab  
  139  10:30  Battlecruiser  
  145  10:41  Ghost Academy  
  145  10:48  Ghost Academy  
  145  10:51  Ghost Academy  
  145  11:00  Battlecruiser  
  151  11:07  Orbital Command x2  
  151  11:09  Command Center  
  139  11:24  Siege Tank  
  136  11:27  Battlecruiser  
  142  11:34  Factory  
  142  11:38  Terran Vehicle And Ship Armor Level 2  
  142  11:40  Terran Ship Weapons Level 2  
  142  12:11  Siege Tank  
  145  12:18  Command Center  
  109  12:58  Battlecruiser x2  
  115  13:08  Command Center  
  115  13:11  Command Center  
  115  13:16  Command Center  
  115  13:36  Ghost  
  115  13:39  Refinery  
  117  13:44  Planetary Fortress  
  117  13:48  Refinery  
  117  14:05  Ghost  
  119  14:14  Siege Tank  
  122  14:24  Factory Tech Lab  
  122  14:27  Terran Vehicle And Ship Armor Level 3  
  122  14:28  Terran Ship Weapons Level 3  
  122  14:34  Planetary Fortress x3  
  101  15:12  Refinery  
  101  15:17  Missile Turret  
  101  15:20  Command Center  
  91  15:37  SCV x3  
  91  15:41  Siege Tank x2  
  100  15:44  Ghost  
  100  15:47  Enhanced Shockwaves  
  100  15:48  Personal Cloaking  
  100  15:49  Nuke  
  102  15:53  Orbital Command  
  102  16:02  Battlecruiser x3  
  120  16:14  Hi-Sec Auto Tracking  
  117  16:52  SCV x2  
  117  16:53  SCV  
  120  16:55  SCV x2  
  122  17:02  Siege Tank  
  122  17:06  Battlecruiser  
  122  17:07  Battlecruiser  
  137  17:10  SCV x2  
  139  17:31  Refinery  
  139  17:34  Battlecruiser  
  145  17:39  Thor  
  145  17:41  Thor  
  145  17:43  SCV  
  140  18:15  Battlecruiser  
  146  18:21  Missile Turret  
  146  18:22  Missile Turret  
  146  18:27  Missile Turret  
  146  18:29  Missile Turret  
  146  18:30  Thor  
  139  18:54  Battlecruiser  
  140  19:13  Command Center  
  140  19:27  Refinery  
  140  19:39  Refinery  
  140  19:43  Command Center  
Show
View Real Time Build Order
Export as new Build Order

prospeKt Zerg - Winner!

Build Orders: Hatch First 

Get SALT Encoding   

  12  0:00  Drone  
  13  0:12  Overlord  
  13  0:18  Drone  
  14  0:30  Drone x2  
  14  0:34  Drone  
  17  0:54  Hatchery  
  17  0:55  Drone  
  17  0:59  Drone  
  18  1:13  Spawning Pool  
  18  1:15  Drone  
  18  1:23  Drone  
  19  1:28  Drone  
  19  1:31  Extractor  
  19  1:42  Overlord  
  19  1:51  Drone  
  20  2:00  Drone  
  21  2:06  Drone  
  22  2:14  Queen x2, Drone  
  27  2:25  Drone x2  
  29  2:30  Overlord  
  29  2:48  Overlord  
  29  2:49  Drone x3  
  29  2:50  Queen  
  34  2:54  Lair  
  34  2:59  Drone  
  34  3:03  Zergling x2  
  36  3:07  Zergling x2  
  36  3:11  Drone  
  38  3:17  Overlord  
  38  3:27  Drone x3  
  38  3:28  Drone x2  
  38  3:29  Drone  
  38  3:30  Overlord  
  44  3:35  Drone  
  45  3:49  Drone x2  
  45  3:54  Extractor  
  45  3:55  Extractor  
  45  4:00  Roach Warren  
  45  4:01  Evolution Chamber  
  45  4:02  Drone x3  
  46  4:12  Overlord  
  46  4:14  Drone x2  
  48  4:17  Hatchery  
  47  4:24  Drone  
  47  4:25  Drone  
  49  4:36  Drone x5  
  55  4:45  Roach  
  55  4:53  Drone x4  
  59  5:11  Roach  
  59  5:12  Roach x3  
  59  5:13  Overlord  
  67  5:23  Drone, Extractor  
  67  5:24  Hydralisk Den, Drone  
  67  5:26  Evolution Chamber  
  67  5:27  Overlord  
  66  5:38  Roach x4  
  74  5:54  Drone x4  
  74  5:55  Queen, Drone  
  77  6:03  Drone x6  
  81  6:22  Drone  
  81  6:23  Drone x5  
  87  6:30  Spore Crawler  
  87  6:31  Spore Crawler, Extractor x2  
  87  6:32  Spore Crawler  
  82  6:45  Drone x3  
  82  6:46  Drone  
  86  6:47  Zerg Missile Weapons Level 1  
  86  6:49  Grooved Spines  
  86  6:55  Zerg Ground Armor Level 1, Glial Reconstitution  
  86  6:58  Overlord  
  86  6:59  Overlord x2  
  86  7:02  Drone x4  
  90  7:19  Hatchery  
  89  7:24  Drone  
  89  7:25  Drone x10  
  100  7:31  Spine Crawler  
  100  7:35  Spine Crawler  
  100  7:36  Spine Crawler  
  97  7:37  Spine Crawler  
  96  7:45  Hatchery  
  96  7:46  Hydralisk x9  
  96  7:49  Overlord x2  
  113  8:00  Muscular Augments  
  113  8:05  Drone  
  114  8:14  Infestation Pit  
  114  8:15  Drone x2  
  114  8:16  Drone x3  
  114  8:18  Spore Crawler  
  117  8:33  Drone x9  
  126  8:44  Hydralisk  
  126  8:45  Lurker Den, Hydralisk x4  
  135  8:52  Spine Crawler  
  134  8:59  Hydralisk x3  
  140  9:18  Hatchery  
  140  9:19  Overlord x4  
  140  9:20  Hydralisk  
  141  9:25  Zerg Missile Weapons Level 2  
  141  9:26  Zerg Ground Armor Level 2  
  141  9:31  Hive  
  141  9:39  Hydralisk x11  
  163  9:49  Spore Crawler  
  163  9:51  Spine Crawler  
  162  9:52  Spine Crawler, Drone  
  162  9:53  Spore Crawler, Drone x2  
  162  9:54  Hydralisk x3  
  162  9:56  Spine Crawler  
  167  10:00  Hatchery  
  166  10:11  Hydralisk  
  166  10:12  Hydralisk x3  
  166  10:13  Overlord x4  
  174  10:29  Hatchery  
  174  10:30  Hydralisk x3  
  179  10:38  Drone x3  
  179  10:40  Drone x2  
  179  10:41  Drone x2  
  179  10:42  Drone  
  187  10:45  Hydralisk x2  
  187  10:46  Hydralisk x3, Extractor  
  187  10:49  Extractor  
  195  10:56  Spore Crawler  
  194  10:58  Spore Crawler x3  
  194  11:00  Spine Crawler  
  194  11:02  Spine Crawler  
  194  11:03  Spine Crawler, Hydralisk  
  194  11:04  Hydralisk x5  
  194  11:18  Hydralisk x10  
  174  11:19  Hydralisk x3  
  200  11:46  Zerg Missile Weapons Level 3  
  200  11:47  Zerg Ground Armor Level 3  
  200  11:48  Adaptive Talons  
  200  11:55  Hatchery  
  170  12:22  Hydralisk  
  170  12:23  Hydralisk x8  
  170  12:26  Lurker x2  
  148  12:45  Seismic Spines  
  148  12:47  Hydralisk x8  
  162  13:00  Drone x7  
  162  13:02  Drone x3  
  162  13:03  Drone x2  
  174  13:12  Hydralisk x6  
  182  13:19  Spire  
  185  13:24  Overseer  
  185  13:29  Hydralisk x7  
  199  13:40  Spore Crawler, Extractor  
  197  13:43  Extractor  
  179  14:18  Hydralisk x10  
  189  14:46  Hydralisk  
  189  14:47  Hydralisk x8  
  181  14:59  Hydralisk x18  
  165  15:13  Corruptor  
  165  15:14  Corruptor x3  
  162  15:28  Drone x4  
  162  15:35  Corruptor x5  
  164  16:01  Extractor  
  164  16:03  Corruptor x5  
  165  16:06  Extractor  
  146  16:25  Hydralisk  
  146  16:26  Hydralisk x10  
  142  16:39  Hydralisk  
  136  16:40  Hydralisk x5  
  146  17:02  Drone x2  
  146  17:07  Zergling x20  
  146  17:08  Zergling x22  
  169  17:10  Metabolic Boost  
  169  17:26  Corruptor  
  169  17:27  Corruptor x8  
  187  17:35  Greater Spire  
  161  18:04  Zergling x8  
  161  18:05  Zergling x44  
  150  18:29  Adrenal Glands  
  150  18:33  Zergling x4  
  150  18:34  Zergling x32  
  148  18:59  Brood Lord x13  
  148  19:01  Corruptor x4  
  180  19:03  Zergling x18  
  180  19:04  Zergling x18  
  196  19:41  Hatchery  
  196  19:43  Hatchery, Corruptor x7  
  184  19:50  Corruptor x2  
Tags
 
Add a new tag
Caveats
  • Supply blocks, unpowered buildings, or Contaminate may cause inaccurate times.
  • Supply counts are checked every 10 seconds.